 Dungeon Crawl Stone Soup version 0.19.0-9-gfd783f2 (webtiles) character file.

141 McCoppin the Skirmisher (level 5, -3/43 HPs)
             Began as a Formicid Fighter on Nov 7, 2016.
             Was an Initiate of Kikubaaqudgha.
             Killed by nerve-wracking pain
             ... invoked by Grinder
              (14 damage)
             ... on level 3 of the Dungeon.
             The game lasted 00:06:36 (1648 turns).

McCoppin the Skirmisher (Formicid Fighter)          Turns: 1648, Time: 00:06:37

Health: -3/43      AC: 12    Str: 21    XL:     5   Next: 48%
Magic:  5/5        EV:  8    Int:  8    God:    Kikubaaqudgha [......]
Gold:   79         SH:  9    Dex: 10    Spells: 0 memorised, 4 levels left

rFire  . . .     SeeInvis +     o - +0 whip (freeze)
rCold  + . .     Gourm    .     r - +2 ring mail {rC+}
rNeg   . . .     Faith    .     c - +0 shield
rPois  .         Spirit   .     (helmet unavailable)
rElec  .         Reflect  .     n - +2 cloak
rCorr  .         Harm     .     m - +0 pair of gloves
MR     .....                    (no boots)
Stlth  ..........               (no amulet)
                                (no ring)
                                (no ring)

@: no status effects
A: permanent stasis, dig shafts and tunnels, four strong arms, antennae 3
a: Dig, Shaft Self, Renounce Religion


You were on level 3 of the Dungeon.
You worshipped Kikubaaqudgha.
Kikubaaqudgha was noncommittal.
You were not hungry.

You visited 1 branch of the dungeon, and saw 3 of its levels.

You collected 79 gold pieces.

Inventory:

Hand Weapons
 a - a +0 flail
 o - a +0 whip of freezing (weapon)
Armour
 b - a +0 scale mail
 c - a +0 shield (worn)
 k - a +1 chain mail of cold resistance
 m - a +0 pair of gloves (worn)
 n - a +2 cloak (worn)
 r - a +2 ring mail of cold resistance (worn)
Scrolls
 e - a scroll of remove curse {unknown}
 h - a scroll of noise {unknown}
 p - a scroll of random uselessness {unknown}
 s - a scroll of magic mapping {unknown}
 t - a scroll of enchant armour {unknown}
Potions
 d - a potion of might
 g - a potion of resistance
 j - a potion of lignification {unknown}
 l - a potion of heal wounds
 u - a potion of berserk rage
 z - a potion of haste {unknown}
Comestibles
 f - 3 bread rations
 q - a beef jerky
 v - 2 chunks of flesh
 w - a meat ration
 x - a fruit


   Skills:
 + Level 4.8 Fighting
 + Level 3.6 Maces & Flails
 - Level 3.2 Armour
 - Level 3.6 Shields
 + Level 1.5 Necromancy


You had 4 spell levels left.
You didn't know any spells.

Dungeon Overview and Level Annotations

Branches:
Dungeon (3/15)

Altars:
Kikubaaqudgha
Zin

Annotations:
D:3 Grinder


Innate Abilities, Weirdness & Mutations

You are under a permanent stasis effect.
You can dig through walls and to a lower floor.
Your four strong arms can wield two-handed weapons with a shield.
You have a pair of large antennae on your head. (SInv)


Message History

Grinder is moderately wounded.
Grinder gestures at you.
Your stasis keeps you stable.
You hit Grinder but do no damage.
Grinder is moderately wounded.
Grinder hits you.
You writhe in agony.
You hit Grinder.
Grinder is moderately wounded.
Grinder gestures at you. You resist with significant effort.
You hit Grinder.
Grinder is moderately wounded.
Grinder hits you!
You writhe in agony.
* * * LOW HITPOINT WARNING * * *
You hit Grinder.
Grinder is heavily wounded.
Grinder gestures at you. Pain shoots through your body!
You die...
Kikubaaqudgha rasps: "You have failed me!
Welcome... death!"

####5..########
....{..........
#....# #....#
####....########
...#............
#.....#######. #
#.)......[.#
#.###..†)###@#.##.#
#....#...# #.5..).#
...)..{..###<###..#
# #.####.†###..#
...
#).###..###..###
#......÷).......
#.......#.##.###
#######.#...
#...###


You could see Grinder.

Vanquished Creatures
  Jessica (D:2)
  Ijyb (D:2)
  4 adders
  2 worms
  A dart slug (D:2)
  3 leopard geckos
  A giant cockroach (D:1)
  4 goblins
  9 hobgoblins
  4 jackals (D:1)
  3 bats (D:1)
  A frilled lizard (D:1)
  2 kobolds (D:2)
  9 rats
45 creatures vanquished.

Notes
Turn   | Place    | Note
-------+----------+-------------------------------------------
     0 | D:1      | McCoppin the Formicid Fighter began the quest for the Orb.
     0 | D:1      | Reached XP level 1. HP: 18/18 MP: 1/1
    56 | D:1      | Reached XP level 2. HP: 20/24 MP: 2/2
   374 | D:1      | Reached XP level 3. HP: 30/30 MP: 3/3
   728 | D:2      | Reached skill level 4 in Fighting
   747 | D:2      | Noticed Ijyb
   801 | D:2      | Killed Ijyb
   801 | D:2      | Reached XP level 4. HP: 25/37 MP: 4/4
   889 | D:2      | Found an ancient bone altar of Kikubaaqudgha.
   901 | D:2      | Became a worshipper of Kikubaaqudgha
  1096 | D:2      | Noticed Jessica
  1109 | D:2      | Killed Jessica
  1109 | D:2      | Reached skill level 1 in Necromancy
  1109 | D:2      | Reached XP level 5. HP: 28/43 MP: 5/5
  1398 | D:2      | Found a glowing silver altar of Zin.
  1625 | D:3      | Noticed Grinder
  1648 | D:3      | Killed from afar by Grinder

Skill      XL: |  1  2  3  4 |
---------------+-------------+-----
Fighting       | 4 |  4.8
Maces & Flails | 3 |  3.6
Necromancy     | 1 |  1.5
Armour         | |  3.2
Shields        | |  3.6

Action                   |  1- 3 |  4- 6 || total
-------------------------+-------+-------++-------
Melee: Flail             |    52 |       ||    52
       Whip              |    80 |    74 ||   154
  Use: Scroll            |       |     3 ||     3
  Eat: Chunk             |       |     3 ||     3
Armor: Scale mail        |    11 |       ||    11
       Chain mail        |    61 |       ||    61
       Ring mail         |       |    17 ||    17
Dodge: Dodged            |    46 |    10 ||    56
Block: Shield            |    54 |    21 ||    75
